 Dungeon Crawl Stone Soup version 0.30-a0-170-g85af917532 (webtiles) character file.

Game seed: 15481083630031324667

312 qw the Chopper (level 6, -2/38 HPs)
             Began as a Gargoyle Fighter on Sept 30, 2022.
             Killed from afar by Robin (14 damage)
             ... with a puff of flame
             ... on level 3 of the Dungeon.
             The game lasted 00:00:53 (2863 turns).

qw the Chopper (Gargoyle Fighter)                   Turns: 2863, Time: 00:00:54

Health: -2/38      AC: 11    Str: 22    XL:     6   Next: 42%
Magic:  6/6        EV:  9    Int:  8    God:
Gold:   133        SH:  4    Dex:  9    Spells: 5/5 levels left

rFire   . . .      SeeInvis .    Y - +0 war axe (vorpal)
rCold   . . .      Faith    .    c - +0 buckler
rNeg    + . .      Spirit   .    b - +0 scale mail
rPois   inf        Reflect  .    (no helmet)
rElec   +          Harm     .    (no cloak)
rCorr   .          Rampage  .    (no gloves)
Will    .....                    (no boots)
Stlth   ..........               n - amulet of the acrobat
HPRegen 0.12/turn                (no ring)
MPRegen 0.10/turn                (no ring)

@: no status effects
A: sickness immunity, AC +4, negative energy resistance 1, electricity
resistance, torment resistance 1, petrification resistance
a: no special abilities


You were on level 3 of the Dungeon.
You visited 1 branch of the dungeon, and saw 3 of its levels.

You collected 133 gold pieces.


Innate Abilities, Weirdness & Mutations

You are immune to sickness and miasma.
Your stone body is resilient. (AC +4)
You are immune to poison.
You resist negative energy. (rN+)
You are resistant to electric shocks. (rElec)
You are resistant to unholy torment.
You are immune to petrification.


   Skills:
 - Level 4.0 Fighting
 + Level 5.2 Axes
 - Level 1.1 Throwing
 - Level 3.2 Armour
 - Level 1.0 Dodging
 - Level 3.2 Shields


You had 5 spell levels left.
You didn't know any spells.
Your spell library was empty.

Inventory:

Hand Weapons
 a - a +0 flail
 Y - a +0 vorpal war axe (weapon)
Missiles
 j - 2 silver boomerangs (quivered)
Armour
 b - a +0 scale mail (worn)
 c - a +0 buckler (worn)
Jewellery
 n - an amulet of the acrobat (around neck)
Scrolls
 g - a scroll of enchant weapon {unknown}
 i - 3 scrolls of amnesia {unknown}
 k - a scroll of teleportation
 l - a scroll of identify
Potions
 d - 2 potions of might
 e - 3 potions of curing
 f - 3 potions of heal wounds
 h - a potion of lignification {unknown}
 o - a potion of mutation

Dungeon Overview and Level Annotations

Branches:
Dungeon (3/15)

Altars:

Annotations:
D:3 1 runed translucent door, Crazy Yiuf, Robin


Message History

Robin hits you from afar with a +5 trident of venom.
You block the goblin's attack.
You barely miss the goblin.
The goblin is moderately wounded.
You block Robin's attack. The goblin completely misses you.
You closely miss the goblin.
The goblin is moderately wounded.
The goblin hits you but does no damage. The goblin closely misses you.
You closely miss the goblin.
The goblin is moderately wounded.
Robin zaps a wand.
The puff of flame hits you but does no damage.
The goblin misses you.
You barely miss the goblin.
The goblin is moderately wounded.
Robin hits you but does no damage. You block the goblin's attack.
A hobgoblin comes into view.
You slash the goblin!
You kill the goblin!
Robin throws the goblin at you! You block the goblin's attack.
You closely miss the goblin.
Robin hits you from afar with a +5 trident of venom.
The goblin hits you but does no damage.
Robin hits you from afar with a +5 trident of venom.
The goblin hits you but does no damage.
You hit the goblin.
You kill the goblin!
Robin hits you but does no damage. Robin barely misses you.
Items here: %%% ))).
You hit Robin but do no damage. Robin barely misses you.
You hit Robin.
Robin is moderately wounded.
The hobgoblin no longer looks unusually strong.
Robin closely misses you. You block Robin's attack.
You barely miss Robin.
Robin is moderately wounded.
Robin zaps a wand.
The puff of flame hits you!
You die...

# .#.##..
#.##.#..#
# . #
#>#..#..#
# ##
#>#.##..#
#.......#
#......##
###.#### #
#.#
###.####.#
#..gg@.).#
#####
#.#.######
....# [.
###.# ...
.##.# ##.
.##.# #
.##.#
....#
.####


You could see Robin and a hobgoblin.

Vanquished Creatures
  Sigmund (D:2)
  2 orc priests (D:3)
  An adder (D:3)
  A worm (D:2)
  3 dart slugs
  3 orcs (D:3)
  9 endoplasms
  7 giant cockroaches (D:2)
  10 goblins
  4 hobgoblins
  3 jackals (D:2)
  3 kobolds
  4 quokkas
  2 ball pythons (D:1)
  4 bats
  2 frilled lizards
  10 rats
69 creatures vanquished.

Notes
Turn   | Place    | Note
-------+----------+-------------------------------------------
     0 | D:1      | qw the Gargoyle Fighter began the quest for the Orb.
     0 | D:1      | Reached XP level 1. HP: 14/14 MP: 1/1
     0 | D:1      | 0 ||| qw: Version: 0.2-a-12-gaebbb33
     0 | D:1      | 0 ||| qw: Game counter: 1580
     0 | D:1      | 0 ||| qw: Always use a shield: true
     0 | D:1      | 0 ||| qw: God list: Okawaru
     0 | D:1      | 0 ||| qw: Allow faded altars: false
     0 | D:1      | 0 ||| qw: Do Orc after D:15 true
     0 | D:1      | 0 ||| qw: Do second Lair branch before Depths: true
     0 | D:1      | 0 ||| qw: Lair rune preference: random
     0 | D:1      | 0 ||| qw: Plans: Normal, Zot:1-4, God:TSO, Crypt, Tomb,
                  | Pan, Slime:5, Hells, Abyss, Orb
     0 | D:1      | 0 ||| PLANNING D:1-11
    72 | D:1      | 72 ||| Stepping ~*~*~tactically~*~*~ (hiding).
    84 | D:1      | Reached skill level 2 in Axes
   201 | D:1      | 201 ||| DROPPING +0 club.
   223 | D:1      | Reached XP level 2. HP: 19/19 MP: 2/2
   566 | D:1      | 566 ||| Stepping ~*~*~tactically~*~*~ (stealth).
   830 | D:1      | 830 ||| DROPPING amulet of faith.
   831 | D:1      | 831 ||| UPGRADING to amulet of the acrobat.
   836 | D:1      | 836 ||| READING scroll labelled WUQOKHO YLAKHY.
   837 | D:1      | 837 ||| READING scroll labelled KULECWEJUE.
   841 | D:1      | 841 ||| READING scroll labelled XUWNAEXOOTH.
   942 | D:1      | 942 ||| READING 2 scrolls labelled VOQAYS OJ IPE.
   943 | D:1      | 943 ||| READING scroll labelled ZELETE NAUSCH.
   944 | D:1      | 944 ||| DRINKING 3 smoky pink potions.
   945 | D:1      | 945 ||| DRINKING 3 inky potions.
  1009 | D:2      | Reached skill level 3 in Axes
  1067 | D:2      | Reached XP level 3. HP: 23/23 MP: 3/3
  1185 | D:2      | 1185 ||| Stepping ~*~*~tactically~*~*~ (stealth).
  1187 | D:2      | 1187 ||| Stepping ~*~*~tactically~*~*~ (stealth).
  1267 | D:2      | Noticed Sigmund
  1275 | D:2      | Killed Sigmund
  1276 | D:2      | Reached skill level 5 in Axes
  1276 | D:2      | Reached XP level 4. HP: 9/28 MP: 4/4
  1276 | D:2      | Reached XP level 5. HP: 10/32 MP: 5/5
  1491 | D:2      | Identified the +1 leather armour "Nomoemac" {Rampage rPois
                  | Dex+2}
  1837 | D:2      | 1837 ||| Stepping ~*~*~tactically~*~*~ (stealth).
  1838 | D:2      | 1838 ||| Stepping ~*~*~tactically~*~*~ (stealth).
  1839 | D:2      | 1839 ||| Stepping ~*~*~tactically~*~*~ (stealth).
  1840 | D:2      | 1840 ||| Stepping ~*~*~tactically~*~*~ (stealth).
  1841 | D:2      | 1841 ||| Stepping ~*~*~tactically~*~*~ (stealth).
  2006 | D:2      | 2006 ||| DROPPING +1 leather armour "Nomoemac" {Rampage
                  | rPois Dex+2}.
  2007 | D:2      | 2007 ||| READING scroll labelled ULEBRUBE LEAT.
  2008 | D:2      | 2008 ||| READING scroll labelled JESSIT AJICOU.
  2009 | D:2      | 2009 ||| READING scroll labelled PASUMUDAE.
  2010 | D:2      | 2010 ||| READING 2 scrolls of identify.
  2010 | D:2      | 2010 ||| IDENTIFYING fuming coppery potion
  2176 | D:3      | Found a runed translucent door.
  2177 | D:3      | Noticed Crazy Yiuf
  2269 | D:3      | 2269 ||| Stepping ~*~*~tactically~*~*~ (stealth).
  2293 | D:3      | Reached XP level 6. HP: 37/37 MP: 6/6
  2296 | D:3      | 2296 ||| DROPPING +0 mace.
  2297 | D:3      | 2297 ||| Stepping ~*~*~tactically~*~*~ (hiding).
  2481 | D:3      | Reached skill level 1 in Throwing
  2489 | D:3      | 2489 ||| Stepping ~*~*~tactically~*~*~ (hiding).
  2673 | D:3      | 2673 ||| Stepping ~*~*~tactically~*~*~ (stealth).
  2733 | D:3      | 2733 ||| Stepping ~*~*~tactically~*~*~ (hiding).
  2735 | D:3      | 2735 ||| Stepping ~*~*~tactically~*~*~ (hiding).
  2736 | D:3      | 2736 ||| Stepping ~*~*~tactically~*~*~ (hiding).
  2839 | D:3      | Noticed Robin
  2840 | D:3      | 2840 ||| Stepping ~*~*~tactically~*~*~ (hiding).
  2848 | D:3      | Reached skill level 1 in Dodging
  2863 | D:3      | Killed from afar by Robin

Levels and vault maps discovered:
D:1:      ncdulo_watergridlock, layout_loops_ring
D:2:      minmay_roachtagon, layout_basic, grunt_decor_junction, uniq_sigmund
D:3:      layout_loops_cross, uniq_robin, uniq_crazy_yiuf_cottage

Skill      XL: |  1  2  3  4  5  6 |
---------------+-------------------+-----
Axes           | 2 3 5 |  5.2
Throwing       | 1 |  1.1
Fighting       | 4 |  4.0
Dodging        | 1 |  1.0
Armour         | |  3.2
Shields        | |  3.2

Action                   |  1- 3 |  4- 6 || total
-------------------------+-------+-------++-------
Melee: War axe           |    59 |    92 ||   151
Throw: Boomerang         |       |    24 ||    24
  Use: Scroll            |     5 |     4 ||     9
       Potion            |     2 |       ||     2
 Stab: Distracted        |       |     1 ||     1
Armor: Scale mail        |    13 |    50 ||    63
Dodge: Dodged            |    20 |    38 ||    58
Block: Buckler           |     7 |    12 ||    19

Table legend:
 A = Non-vault XP
 B = Vault XP
 C = Vault XP percentage of total XP
 D = Non-vault monster count
 E = Vault monster count
 F = Vault count percentage of total count
                 A         B        C        D         E       F
            +---------+---------+-------+---------+---------+-------
      Total |     193 |     254 |  56.8 |      54 |      15 |  21.7
            +---------+---------+-------+---------+---------+-------
        D:1 |      29 |       0 |   0.0 |      17 |       0 |   0.0
        D:2 |      39 |     240 |  86.0 |      20 |       8 |  28.6
        D:3 |     125 |      14 |  10.1 |      17 |       7 |  29.2
            +---------+---------+-------+---------+---------+-------
